 Dungeon Crawl Stone Soup version 0.28.0-56-g4927b6849a (webtiles) character file.

Game seed: 9911059147472561292

2014 NotaViper the Cudgeller (level 9, 0/102 HPs)
             Began as a Demonspawn Abyssal Knight on Feb 8, 2023.
             Was a Priest of Lugonu.
             Slain by a boulder beetle (6 damage)
             ... on level 7 of the Dungeon on Feb 9, 2023.
             The game lasted 00:39:13 (8326 turns).

NotaViper the Cudgeller (Demonspawn Abyssal Knight) Turns: 8326, Time: 00:39:13

Health: 0/102      AC: 31    Str: 18    XL:     9   Next: 2%
Magic:  11/11      EV:  2    Int: 11    God:    Lugonu [***...]
Gold:   287        SH:  0    Dex: 14    Spells: 8/8 levels left

rFire   x . .      SeeInvis .   i - +1 mace (protect)
rCold   + . .      Faith    .   (no shield)
rNeg    . . .      Spirit   .   (armour currently unavailable)
rPois   +          Reflect  .   (helmet currently unavailable)
rElec   .          Harm     .   (cloak currently unavailable)
rCorr   .          Rampage  .   (gloves currently unavailable)
Will    +....      NoTele   +   (boots currently unavailable)
Stlth   ++........              j - amulet of magic regeneration
HPRegen 0.27/turn               F - ring of willpower
MPRegen 0.52/turn               n - ring of ice

@: brilliant, tree-form, under a protective aura
A: stationary, stasis, torment immunity, boosted hp, (large bone plates 2),
(spiny 1), demonic magic 2
a: Renounce Religion, Depart the Abyss, Bend Space, Banish


You were on level 7 of the Dungeon.
You worshipped Lugonu.
Lugonu was most pleased with you.
You were a tree.
You visited 1 branch of the dungeon, and saw 7 of its levels.
You visited the Abyss 1 time.

You collected 431 gold pieces.
You spent 144 gold pieces at shops.

Inventory:

Hand Weapons
 a - a +1 falchion
 e - a +0 shortbow
 i - a +1 mace of protection (weapon)
 o - a +0 hunting sling
 p - a +2 short sword of venom
 t - a +2 flail of venom
 u - a +0 long sword
 H - the +4 dagger "Morg" {pain, Will+ Int+5}
   (You found it on level 4 of the Dungeon)

   In the hands of one skilled in necromantic magic, it inflicts extra damage on
   living creatures.
   Int:       It affects your intelligence (+5).
   Will:      It increases your willpower.
 O - a +0 quarterstaff
 P - a +0 spear of venom
 X - a +0 giant club
Missiles
 d - 85 bolts
 f - 204 stones
 h - 47 arrows
 L - 51 sling bullets
 V - 5 poisoned darts
Armour
 b - a +0 leather armour
 q - a +0 ring mail
 r - a +0 helmet (melded)
 s - a +0 robe
 w - an orb of wrath
 x - a +0 ring mail
 J - a scarf of invisibility (melded)
 K - a +0 robe
 R - the +0 ring mail of Erhe (melded) {rF- rN++ rCorr}
   (You found it on level 4 of the Dungeon)

   rF:        It makes you vulnerable to fire.
   rN:        It greatly protects you from negative energy.
   rCorr:     It protects you from acid and corrosion.
 S - a +2 pair of gloves (melded)
 W - a scarf of shadows
Magical Staves
 v - a staff of earth
 E - a staff of death
Jewellery
 j - an amulet of magic regeneration (around neck)
 n - a ring of ice (right branch)
 F - a ring of willpower (left branch)
Wands
 y - a wand of digging (3)
 Q - a wand of flame (24)
Scrolls
 l - a scroll of teleportation
 m - 3 scrolls of silence
 C - a scroll of holy word
 I - 3 scrolls of blinking
Potions
 c - a potion of cancellation {unknown}
 g - 2 potions of flight
 k - a potion of mutation {unknown}
 z - a potion of might {unknown}
 A - 2 potions of brilliance
 M - 2 potions of curing


   Skills:
 + Level 5.5 Fighting
 + Level 1.4(2.4) Short Blades
 + Level 3.1(3.2) Long Blades
 + Level 5.6 Maces & Flails
 + Level 0.7 Throwing
 + Level 5.4 Armour
 + Level 3.2 Dodging
 + Level 2.3 Stealth
 + Level 2.2 Shields
 + Level 3.3 Invocations


You had 8 spell levels left.
You didn't know any spells.
Your spell library contained the following spells:

 Spells                   Type           Power      Damage    Failure   Level
 Animate Skeleton         Necr           0%         N/A       34%         1
 Apportation              Tloc           0%         N/A       34%         1
 Pain                     Necr           0%         1d4       34%         1
 Summon Small Mammal      Summ           0%         N/A       34%         1
 Call Canine Familiar     Summ           0%         N/A       71%         3
 Portal Projectile        Hex/Tloc       0%         N/A       71%         3
 Vampiric Draining        Necr           0%         2d6       71%         3
 Leda's Liquefaction      Hex/Erth       0%         N/A       98%         4
 Petrify                  Tmut/Erth      0%         N/A       98%         4
 Metabolic Englaciation   Hex/Ice        0%         N/A       100%        5
 Statue Form              Tmut/Erth      0%         N/A       100%        6


Dungeon Overview and Level Annotations

Branches:
Dungeon (7/15)             Temple (0/1) D:7

Altars:
Ashenzari
Cheibriados
Dithmenos
Fedhas
Hepliaklqana
Makhleb
Okawaru
Sif Muna
Uskayaw

Shops:
D:1 :   D:6 (


Innate Abilities, Weirdness & Mutations

You are a tree.
Your roots penetrate the ground, keeping you stationary.
You cannot be teleported.
You are immune to unholy pain and torment.
Your maximum health is greatly increased.
Your equipment is partially melded.
((You are mostly covered in large bone plates. (SH +6)))
((You are partially covered in sharp spines.))
Spells you cast may paralyse nearby enemies.


Message History

You barely miss the boulder beetle.
The boulder beetle is lightly wounded.
The boulder beetle bites you but does no damage.
You hit the boulder beetle but do no damage.
Your weapon exudes an aura of protection.
The boulder beetle is lightly wounded.
The boulder beetle bites you but does no damage.
You swing at nothing.
The boulder beetle bites you!
You hit the boulder beetle but do no damage.
The boulder beetle is lightly wounded.
The boulder beetle bites you!
* * * LOW HITPOINT WARNING * * *
You swing at nothing.
You feel less invigorated.
You feel less confused. The boulder beetle bites you. x2
You hit the boulder beetle.
The boulder beetle is lightly wounded.
The boulder beetle leaps!
You swing at nothing.
The boulder beetle curls into a ball and begins rolling!
The boulder beetle hits you!!
* * * LOW HITPOINT WARNING * * *
The boulder beetle stops rolling and uncurls.
A boulder beetle is nearby!
A boulder beetle is nearby!
A boulder beetle is nearby!
You don't know any spells.
A boulder beetle is nearby!
You don't know any spells.
You cannot move.
A boulder beetle is nearby!
A boulder beetle is nearby!
A boulder beetle is nearby!
A boulder beetle is nearby!
You hit the boulder beetle but do no damage.
Your weapon exudes an aura of protection.
The boulder beetle is lightly wounded.
The boulder beetle waves its antennae.
The boulder beetle bites you.
You die...

#.....8....#.#..
#...8...8...###...
##.........## .##
.. #.8.....8.# .#
## .# #.........##
#. .. #..8...8...#
#. .#
#....8....:##
###.#.#
#.....B......
..... ##...♣...#
#..# #.#._.#.#
#..# #.......#
#..# #########
#..# #..## #....
#)### ####<#
#....#


You could see a boulder beetle.

Vanquished Creatures
  Grinder (D:3)
  2 water moccasins
  2 black bears
  4 ogres
  A centaur (D:5)
  2 phantoms
  A scorpion (D:4)
  A wyvern zombie (D:6)
  A water moccasin skeleton (D:6)
  A wyvern skeleton (D:7)
  A howler monkey (D:7)
  2 centaur zombies
  A bullfrog zombie (D:5)
  A centaur skeleton (D:7)
  A gnoll shaman (D:6)
  2 jellies
  An orc priest (D:3)
  2 iguanas (D:5)
  An orc wizard (D:4)
  A killer bee zombie (D:7)
  Robin (D:2)
  5 gnolls (D:6)
  8 adders
  3 white imps (D:6)
  2 ufetubi
  4 worms
  2 dart slugs
  7 orcs
  8 ball pythons
  5 endoplasms
  16 goblins
  6 hobgoblins
  6 kobolds
  7 quokkas
  5 bats
  A frilled lizard (D:3)
  5 rats
120 creatures vanquished.

Notes
Turn   | Place    | Note
-------+----------+-------------------------------------------
     0 | Abyss:1  | NotaViper the Demonspawn Abyssal Knight began the quest for
                  | the Orb.
     0 | Abyss:1  | Reached XP level 1. HP: 18/18 MP: 2/2
     2 | Abyss:1  | Noticed a lich
     4 | D:1      | Escaped the Abyss
   137 | D:1      | Found Dysm's Book Boutique.
   342 | D:1      | Reached * piety under Lugonu
   343 | D:1      | Gained mutation: You are partially covered in sharp spines.
                  | [demonic ancestry]
   343 | D:1      | Reached XP level 2. HP: 15/24 MP: 3/3
   752 | D:1      | Found a faded altar of an unknown god.
   764 | D:1      | Reached skill level 1 in Dodging
  1124 | D:2      | Gained mutation: Spells you cast may paralyse adjacent
                  | enemies. [demonic ancestry]
  1124 | D:2      | Reached XP level 3. HP: 25/30 MP: 4/4
  1186 | D:2      | Noticed Robin
  1241 | D:2      | Reached ** piety under Lugonu
  1247 | D:2      | Killed Robin
  1614 | D:2      | Gained mutation: You are partially covered in large bone
                  | plates. (SH +4) [demonic ancestry]
  1614 | D:2      | Reached XP level 4. HP: 27/37 MP: 5/5
  2026 | D:2      | Found an iron altar of Okawaru.
  2279 | D:3      | Reached skill level 1 in Stealth
  2279 | D:3      | Reached XP level 5. HP: 18/42 MP: 6/6
  2464 | D:3      | Found a shimmering blue altar of Sif Muna.
  2550 | D:3      | Found a blossoming altar of Fedhas.
  2635 | D:3      | Noticed Grinder
  2652 | D:3      | Paralysed by Grinder for 2 turns
  2657 | D:3      | Killed Grinder
  2658 | D:3      | Gained mutation: Spells you cast may paralyse nearby
                  | enemies. [demonic ancestry]
  2658 | D:3      | Reached XP level 6. HP: 8/49 MP: 7/7
  2933 | D:3      | Found a burning altar of Makhleb.
  3614 | D:4      | Found the +4 dagger "Morg" {pain, Will+ Int+5}
  3792 | D:4      | Reached *** piety under Lugonu
  3853 | D:4      | Reached skill level 1 in Shields
  3853 | D:4      | Reached XP level 7. HP: 28/55 MP: 8/8
  4661 | D:4      | Found a shadowy altar of Dithmenos.
  4670 | D:4      | Identified the +0 ring mail of Erhe {rF- rN++ rCorr}
  5039 | D:5      | Entered Level 5 of the Dungeon
  5057 | D:5      | Reached skill level 1 in Short Blades
  5574 | D:5      | Gained mutation: You are mostly covered in large bone
                  | plates. (SH +6) [demonic ancestry]
  5574 | D:5      | Reached XP level 8. HP: 53/61 MP: 9/9
  5674 | D:5      | Reached skill level 5 in Fighting
  6054 | D:5      | Reached skill level 5 in Armour
  6171 | D:5      | Found a snail-covered altar of Cheibriados.
  7009 | D:6      | Found Cieffu's Antique Weapon Emporium.
  7039 | D:6      | Bought a runed mace for 144 gold pieces
  7368 | D:6      | Reached skill level 5 in Maces & Flails
  7558 | D:6      | Found a large runed translucent door.
  7559 | D:6      | Found a large runed translucent door.
  7576 | D:6      | Found a hazy altar of Hepliaklqana.
  7596 | D:6      | Found a broken altar of Ashenzari.
  7970 | D:7      | Found a staircase to the Ecumenical Temple.
  8146 | D:7      | Reached XP level 9. HP: 65/68 MP: 11/11
  8292 | D:7      | Found a hide-covered altar of Uskayaw.
  8301 | D:7      | Noticed a boulder beetle
  8326 | D:7      | Slain by a boulder beetle

Illustrated notes

Levels and vault maps discovered:
D:1:      mrwooster_arrival_statue_2, layout_rooms, serial_shops,
          nicolae_shop_advertising_works [nicolae_subvault_shop_adworks],
          chequers_ecumenical_altar_island, st_stairs_11,
          minmay_misc_feat_encased, kennysheep_crisscross, nicolae_wormholes
D:2:      layout_basic, basic_altar, chequers_avenue, uniq_robin
D:3:      layout_basic, fedhas_altar_fruit_tree, amcnicky_altar_gilded,
          mainiacjoe_overflow_chevrons, serial_rivers,
          chequers_serial_rivers_micro_e, chequers_serial_rivers_small_3,
          chequers_serial_rivers_micro_b, chequers_serial_rivers_micro_c,
          chequers_serial_rivers_micro_b, uniq_grinder
D:4:      layout_cave_pools, nicolae_dithmenos_the_darkroom, serial_rivers,
          chequers_serial_rivers_room_b, chequers_serial_rivers_small_b,
          chequers_serial_rivers_large_b, chequers_serial_rivers_small_a,
          chequers_serial_rivers_room_a, chequers_serial_rivers_small_3,
          chequers_serial_rivers_marsh
D:5:      layout_layer_cave, kennysheep_slug_shrine,
          chequers_serial_rivers_micro_d, corexii_leaking_fountain
D:6:      layout_basic, jmf_multi_god_temple2, serial_co_window_serial,
          co_window_paths_a, co_window_of_opportunity_a, co_window_corner_a,
          co_window_paths_a, co_window_paths_a, co_window_corner_a,
          co_window_of_opportunity_c, co_window_of_opportunity_c,
          co_window_cross_2, co_window_unsneaky_path_d, co_window_2corner,
          co_window_4corner_b, glass_columns_b, glass_columns_b,
          glass_columns_a, glass_columns_c, serial_shops, shop
D:7:      layout_loops_ring, nicolae_uskayaw_dance_hall,
          minmay_temple_entry_ruins

Skill      XL: |  1  2  3  4  5  6  7  8 |
---------------+-------------------------+-----
Armour         | 2 3 4 5 |  5.4
Dodging        | 1 2 3 |  3.2
Long Blades    | 2 3 |  3.1
Fighting       | 4 5 |  5.5
Stealth        | 1 2 |  2.3
Maces & Flails | 2 3 5 |  5.6
Shields        | 1 2 |  2.2
Short Blades   | 1 |  1.4
Invocations    | 3 |  3.3
Throwing       | |  0.7

Action                   |  1- 3 |  4- 6 |  7- 9 || total
-------------------------+-------+-------+-------++-------
Melee: Falchion          |    78 |       |       ||    78
       Flail             |       |    58 |    74 ||   132
       Dagger            |       |    28 |    16 ||    44
       Punch             |       |     3 |       ||     3
       Mace              |       |       |    81 ||    81
Throw: Stone             |     7 |     3 |     3 ||    13
Invok: Depart the Abyss  |     1 |       |       ||     1
       Banish            |       |       |     1 ||     1
  Use: Scroll            |       |     1 |     7 ||     8
       Potion            |       |       |     5 ||     5
 Stab: Sleeping          |       |     1 |     1 ||     2
Armor: Leather armour    |    26 |    14 |       ||    40
       Ring mail         |       |    13 |    91 ||   104
       Skin              |       |       |     2 ||     2
Dodge: Dodged            |    36 |    48 |    90 ||   174
Block: Other             |       |    13 |    46 ||    59
